 Dungeon Crawl Stone Soup version 0.30.1-11-g7821555f0a (webtiles) character file.

Game seed: 3261807674681922492

9287 comborobin the Bludgeoner (level 11, -2/145 HPs)
             Began as a Minotaur Delver on Nov 19, 2023.
             Was a Priest of Trog.
             Hit by a large rock thrown by a cyclops (20 damage)
             ... on level 11 of the Dungeon.
             The game lasted 00:09:15 (8832 turns).

comborobin the Bludgeoner (Minotaur Delver)         Turns: 8832, Time: 00:09:15

Health: -2/145     AC: 19    Str: 29    XL:     11   Next: 21%
Magic:  10/10      EV: 10    Int:  7    God:    Trog [***...]
Gold:   472        SH:  0    Dex: 16    Spells: 10/10 levels left

rFire   . . .        f - +0 morningstar
rCold   . . .        (no shield)
rNeg    . . .        s - +0 chain mail
rPois   .            C - +1 hat
rElec   .            D - +0 cloak
rCorr   .            i - +0 pair of gloves
SInv    .            p - +0 pair of boots
Will    ++...        m - amulet of magic regeneration Stlth
                     d - +6 ring of strength
HPRegen 2.24/turn    k - +6 ring of strength
MPRegen 0.52/turn

%: no passive effects
@: berserking (expiring), marked, strong-willed, regenerating, slowed
A: horns 2, retaliatory headbutt, iridescent scales 1, regeneration 1
a: Renounce Religion, Berserk, Trog's Hand


You were on level 11 of the Dungeon.
You worshipped Trog.
Trog was most pleased with you.
You visited 2 branches of the dungeon, and saw 11 of its levels.

You collected 637 gold pieces.
You spent 165 gold pieces at shops.

Inventory:

Hand Weapons
 a - a +0 hand axe
 f - a +0 morningstar (weapon)
 B - the +8 falchion "Ysiniun" {freeze, *Slow Fly Str+8 Int-5}
   (You took it off a centaur on level 10 of the Dungeon)

   Str:       It affects your strength (+8).
   Int:       It affects your intelligence (-5).
   Fly:       It grants you flight.
   *Slow:     It may slow you when you take damage.
Missiles
 r - 7 curare-tipped darts (quivered)
Armour
 b - a +0 leather armour
 e - a +0 troll leather armour
 i - a +0 pair of gloves (worn)
 p - a +0 pair of boots (worn)
 s - a +0 chain mail (worn)
 C - a +1 hat (worn)
 D - a +0 cloak (worn)
 M - a +2 ring mail of cold resistance
Jewellery
 d - a +6 ring of strength (left hand)
 h - a ring of positive energy
 j - a ring of see invisible
 k - a +6 ring of strength (right hand)
 l - a ring of protection from fire
 m - an amulet of magic regeneration (around neck)
 L - a ring of positive energy
Wands
 g - a wand of digging (8)
 y - a wand of acid (11)
 A - a wand of flame (28)
 H - a wand of mindburst (7)
 J - a wand of charming (4)
Scrolls
 c - 3 scrolls of fog
 n - 2 scrolls of silence
 o - 2 scrolls of magic mapping
 u - 5 scrolls of teleportation
 v - a scroll of poison
 w - 3 scrolls of blinking
 G - 4 scrolls of identify
Potions
 q - a potion of cancellation
 t - 4 potions of curing
 x - a potion of mutation
 z - a potion of ambrosia
 E - a potion of haste
 F - a potion of brilliance {unknown}
 I - a potion of attraction


   Skills:
 + Level 9.6 Fighting
 - Level 4.1(10.8) Axes
 - Level 15.3(15.5) Maces & Flails
 + Level 10.3 Armour
 - Level 2.1 Dodging
 - Level 4.1 Stealth


You had 10 spell levels left.
You didn't know any spells.
Your spell library contained the following spells:

 Spells                   Type           Power      Damage    Failure   Level
 Ensorcelled Hibernation  Hex/Ice        0%         N/A       93%         2
 Static Discharge         Conj/Air       0%         2-2/arc   93%         2
 Spider Form              Tmut/Pois      0%         N/A       99%         3
 Airstrike                Air            0%         2d(0-16)  100%        4
 Anguish                  Hex/Necr       0%         N/A       100%        4
 Summon Lightning Spire   Summ/Air       0%         N/A       100%        4


Dungeon Overview and Level Annotations

Branches:
Dungeon (11/15)            Temple (1/1) D:6            Lair (0/5) D:9
    Orc (0/2) D:9

Altars:
Ashenzari
Cheibriados
Dithmenos
Elyvilon
Fedhas
Gozag
Hepliaklqana
Kikubaaqudgha
Makhleb
Nemelex Xobeh
Okawaru
Qazlal
Ru
Sif Muna
Trog
Uskayaw
Vehumet
Wu Jian
Xom
Yredelemnul
Zin
The Shining One

Shops:
D:4 =   D:8 [

Annotations:
D:6 1 runed translucent door, Nexanis's ghost, novice MiFi


Innate Abilities, Weirdness & Mutations

You have a pair of horns on your head.
You reflexively headbutt those who attack you in melee.
You are partially covered in iridescent scales. (AC +2)
Your natural rate of healing is unusually fast.


Message History

The two-headed ogre hits you with a +0 giant club.
The yak barely misses you.
You puncture the two-headed ogre!
The two-headed ogre is lightly wounded.
The yak closely misses you. You furiously retaliate!
You headbutt the yak!! The yak gores you! The yak gores you but does no damage.
Unknown command.
You closely miss the two-headed ogre. You headbutt the two-headed ogre!
The two-headed ogre is heavily wounded.
The two-headed ogre hits you with a +0 giant spiked club!
* * * LOW HITPOINT WARNING * * *
The two-headed ogre hits you with a +0 giant club!
* * * LOW HITPOINT WARNING * * *
A cyclops comes into view.
You hit the two-headed ogre.
The two-headed ogre is heavily wounded.
The yak closely misses you. You furiously retaliate!
You headbutt the yak!!
You kill the yak!
Trog accepts your kill.
The yak gores you but does no damage. x2
Unknown command.
You completely miss the two-headed ogre.
You headbutt the two-headed ogre, but do no damage.
You punch the two-headed ogre.
The two-headed ogre is heavily wounded.
The yak gores you but does no damage. x2
The two-headed ogre hits you with a +0 giant spiked club!
* * * LOW HITPOINT WARNING * * *
The two-headed ogre closely misses you.
You impale the two-headed ogre!!
You kill the two-headed ogre!
Trog accepts your kill. The yak gores you but does no damage.
The yak closely misses you.
Your Armour skill increases to level 10!
Unknown command.
You barely miss the yak. You headbutt the yak!
You kill the yak!
Trog accepts your kill.
The cyclops throws a large rock.
The large rock hits you!!
You die...

.......####..#.## ......#
#.......# #
......###....?..# .#
................# #.#
......##..C.....# ...
......##........# ##.#
).....##........# ...
))######.......†##.######
..##.......#..<)@.)......
..##...........†Y.)..)...
............#.......^....
.###.....................
.# #.....................
.# #....:................
.# #........#............
.# ###.....###...........
.#####....##


You could see a cyclops and a yak.

Vanquished Creatures
  Erolcha (D:9)
  2 two-headed ogres
  An ugly thing (D:11)
  A cyclops (D:10)
  Maurice (D:8)
  An unseen horror (D:10)
  2 trolls
  Prince Ribbit (D:8)
  A hornet (D:10)
  A shadow (D:11)
  8 yaks
  2 wyverns
  A wraith (D:9)
  3 water moccasins
  2 orc warriors
  An ogre (D:5)
  4 ice beasts
  3 sky beasts
  2 centaurs
  A phantom (D:7)
  5 kobold brigands
  Blork the orc (D:5)
  3 elf skeletons (D:6)
  2 bullfrogs
  A gnoll sergeant (D:7)
  3 scorpions
  9 killer bees
  An electric eel (D:8)
  4 orc priests
  2 jellies
  6 hounds
  3 sleepcaps
  3 iguanas
  4 human skeletons (D:6)
  6 orc wizards
  4 adders
  A shadow imp (D:7)
  4 white imps
  A dart slug (D:4)
  A worm (D:4)
  36 orcs
  5 ball pythons
  2 bats
  3 endoplasms
  2 goblins
  4 hobgoblins
  5 jackals
  21 kobolds
  2 quokkas
  A frilled lizard (D:2)
  3 orc skeletons (D:6)
  An orc zombie (D:6)
  A rat (D:3)
189 creatures vanquished.

Notes
Turn   | Place    | Note
-------+----------+-------------------------------------------
     0 | D:5      | comborobin the Minotaur Delver began the quest for the Orb.
     0 | D:5      | Reached XP level 1. HP: 19/19 MP: 0/0
     1 | D:6      | Noticed a hound
     2 | D:6      | Noticed an ice beast
    11 | D:5      | Killed a hound
    12 | D:5      | Reached XP level 2. HP: 6/27 MP: 1/1
   113 | D:5      | Found a shadowy altar of Dithmenos.
   169 | D:5      | Noticed Blork the orc
   249 | D:4      | Reached XP level 3. HP: 33/33 MP: 2/2
   334 | D:4      | Reached skill level 1 in Armour
   469 | D:4      | Reached skill level 1 in Maces & Flails
   469 | D:4      | Reached XP level 4. HP: 19/41 MP: 3/3
   626 | D:4      | Found Fapneof's Jewellery Shop.
   838 | D:3      | Reached skill level 2 in Maces & Flails
  1044 | D:2      | Reached XP level 5. HP: 47/47 MP: 4/4
  1443 | D:4      | Reached skill level 3 in Maces & Flails
  1907 | D:5      | Found an iron altar of Okawaru.
  1907 | D:5      | Noticed a phantom
  1919 | D:4      | Reached skill level 4 in Maces & Flails
  2073 | D:5      | Killed Blork the orc
  2074 | D:5      | Reached skill level 5 in Fighting
  2074 | D:5      | Reached XP level 6. HP: 15/56 MP: 5/5
  2228 | D:5      | Reached skill level 5 in Maces & Flails
  2269 | D:5      | Noticed an orc warrior
  2503 | D:5      | Noticed an ice beast
  2524 | D:6      | Reached skill level 6 in Maces & Flails
  2524 | D:6      | Reached XP level 7. HP: 61/61 MP: 6/6
  2648 | D:6      | Reached skill level 7 in Maces & Flails
  2832 | D:6      | Found a runed translucent door.
  2938 | D:6      | Noticed Nexanis's ghost (novice MiFi)
  3209 | D:6      | Found a staircase to the Ecumenical Temple.
  3306 | D:6      | Reached XP level 8. HP: 66/70 MP: 7/7
  3338 | Temple   | Entered the Ecumenical Temple
  3405 | Temple   | Became a worshipper of Trog the Wrathful
  3490 | D:6      | Reached skill level 8 in Maces & Flails
  3490 | D:6      | Reached skill level 5 in Armour
  3667 | D:6      | Reached skill level 9 in Maces & Flails
  3819 | D:7      | Noticed a troll
  4032 | D:6      | Killed a troll
  4033 | D:6      | Reached skill level 10 in Maces & Flails
  4120 | D:7      | Reached * piety under Trog
  4558 | D:7      | Reached XP level 9. HP: 78/78 MP: 8/8
  4704 | D:7      | Reached skill level 11 in Maces & Flails
  5430 | D:8      | Found Caebusuj's Armour Emporium.
  5443 | D:8      | Bought a +1 hat for 165 gold pieces
  5537 | D:8      | Found a blossoming altar of Fedhas.
  5537 | D:8      | Found a broken altar of Ashenzari.
  5641 | D:8      | Noticed Maurice
  5647 | D:8      | Killed Maurice
  5648 | D:8      | Reached skill level 12 in Maces & Flails
  5666 | D:8      | Reached ** piety under Trog
  5838 | D:8      | Found an iron altar of Okawaru.
  6187 | D:8      | Found a glowing silver altar of Zin.
  6214 | D:8      | Noticed Prince Ribbit
  6235 | D:8      | Killed Prince Ribbit
  6419 | D:9      | Noticed Erolcha
  6429 | D:9      | Killed Erolcha
  6430 | D:9      | Reached skill level 13 in Maces & Flails
  6430 | D:9      | Reached XP level 10. HP: 86/86 MP: 9/9
  6615 | D:9      | Noticed a two-headed ogre
  6623 | D:9      | Killed a two-headed ogre
  6624 | D:9      | Reached skill level 14 in Maces & Flails
  6974 | D:9      | Found a staircase to the Orcish Mines.
  7093 | D:9      | Reached *** piety under Trog
  7138 | D:9      | Found a staircase to the Lair.
  7447 | D:9      | Gained mutation: You occasionally lose the ability to drink
                  | potions when taking damage. [potion of mutation]
  7447 | D:9      | Gained mutation: You are vulnerable to heat. (rF-) [potion
                  | of mutation]
  7486 | D:9      | Lost mutation: You occasionally lose the ability to drink
                  | potions when taking damage. [potion of mutation]
  7486 | D:9      | Lost mutation: You are vulnerable to heat. (rF-) [potion of
                  | mutation]
  7486 | D:9      | Gained mutation: You are partially covered in iridescent
                  | scales. (AC +2) [potion of mutation]
  7486 | D:9      | Gained mutation: Your natural rate of healing is unusually
                  | fast. [potion of mutation]
  7519 | D:10     | Entered Level 10 of the Dungeon
  7566 | D:10     | Found a snail-covered altar of Cheibriados.
  7712 | D:10     | Reached skill level 15 in Maces & Flails
  8195 | D:10     | Noticed a cyclops
  8202 | D:10     | Killed a cyclops
  8383 | D:10     | Identified the +8 falchion "Ysiniun" {freeze, *Slow Fly
                  | Str+8 Int-5}
  8719 | D:11     | Reached XP level 11. HP: 89/95 MP: 10/10
  8733 | D:11     | Noticed a cyan ugly thing
  8745 | D:11     | Killed a cyan ugly thing
  8816 | D:11     | Noticed a two-headed ogre
  8831 | D:11     | Killed a two-headed ogre
  8832 | D:11     | Reached skill level 10 in Armour
  8832 | D:11     | Hit by a large rock thrown by a cyclops

Illustrated notes

Levels and vault maps discovered:
D:2:      layout_loops_ring, ebering_ecumenical_altar_webs
D:3:      layout_rooms
D:4:      layout_basic, minmay_shop_enchanted_jewellery
D:5:      minmay_chambers_of_fours, layout_cave_pools,
          nicolae_dithmenos_through_a_glass_darkly, serial_park,
          serial_park_square3 [serial_park_minivault_5x5_4], serial_park_tiny_1,
          serial_park_square2, grunt_decor_junction, uniq_menkaure,
          uniq_blork_the_orc
D:6:      layout_loops_ring, minmay_temple_entry_water_ring,
          ebering_ghost_reflecting_pool, nicolae_ossuary_entry_catacombs
D:7:      hangedman_cross_stitches, layout_loops_corners
D:8:      layout_basic, lemuel_round_altar, okawaru_gym_becter,
          gammafunk_temple_overflow_elements, nicolae_stop_n_shop_1,
          serial_bayou_lagoon_a, uniq_prince_ribbit1, uniq_maurice
D:9:      layout_loops_ring, lair_entry_dummy, minmay_orc_entry_temple_small,
          solitary_fountain, corexii_corridor_pit, uniq_erolcha
D:10:     layout_layer_cave, cheibriados_altar_1
D:11:     layout_rooms
Temple:   nicolae_temple_x_marks_the_god

Skill      XL: |  1  2  3  4  5  6  7  8  9 10 11 |
---------------+----------------------------------+-----
Fighting       | 4 5 6 7 8 9 |  9.6
Axes           | 3 4 |  4.1
Armour         | 1 2 3 4 6 8 9 10 | 10.3
Maces & Flails | 1 2 4 6 7 10 13 15 | 15.3
Dodging        | |  2.1
Stealth        | |  4.1

Action                     |  1- 3 |  4- 6 |  7- 9 | 10-12 || total
---------------------------+-------+-------+-------+-------++-------
  Melee: Hand axe          |    22 |       |       |       ||    22
         Punch             |     2 |     1 |     4 |     4 ||    11
         Morningstar       |    10 |    98 |   216 |   154 ||   478
         Headbutt          |     5 |    16 |    38 |    30 ||    89
  Throw: Dart              |       |       |     6 |       ||     6
 Invoke: Berserk           |       |       |     1 |     1 ||     2
         Trog's Hand       |       |       |     1 |     1 ||     2
  Evoke: Wand              |       |       |     7 |       ||     7
    Use: Potion            |     3 |     2 |     1 |     6 ||    12
         Scroll            |     4 |     4 |     1 |     6 ||    15
   Stab: Sleeping          |     2 |     5 |       |     1 ||     8
 Armour: Leather armour    |     6 |       |       |       ||     6
         Ring mail         |       |    44 |     9 |    13 ||    66
         Chain mail        |       |       |    99 |    65 ||   164
  Dodge: Dodged            |    11 |    69 |   128 |    73 ||   281
